Map: Fields of Death

Players

Gracz - Winner!

  • Race: Zerg Zerg
  • League: Silver

HAJPER - Winner!

  • Race: Zerg Zerg

Kebbi

  • Race: Zerg Zerg

Pinki

  • Race: Protoss Protoss

VOD

Have the link to the VOD?

Description

Time

  • Played on: Nov. 5, 2016, 10:45 a.m.
  • Length: 15:53
Show
View Real Time Build Order
Export as new Build Order

Gracz Zerg - Winner!

Build Orders: Hatch First, Lurkers 

Get SALT Encoding   

  12  0:02  Drone  
  13  0:12  Overlord  
  13  0:18  Drone  
  14  0:32  Drone x2  
  16  0:51  Unknown, Hatchery  
  15  0:58  Drone  
  16  1:11  Drone x3  
  19  1:26  Spawning Pool  
  19  1:29  Extractor, Drone  
  18  1:42  Drone  
  19  2:00  Drone x2  
  21  2:01  Extractor  
  21  2:03  Unknown  
  21  2:04  Drone  
  21  2:13  Queen  
  23  2:20  Unknown, Hatchery  
  22  2:26  Queen  
  24  2:44  Overlord x2  
  24  2:58  Drone x4  
  25  3:02  Overlord x2  
  28  3:14  Drone  
  28  3:15  Drone  
  30  3:27  Lair  
  30  3:31  Unknown  
  30  3:39  Roach Warren  
  30  3:40  Drone x2  
  30  3:41  Drone  
  32  3:44  Drone  
  33  4:01  Metabolic Boost  
  33  4:08  Queen  
  35  4:10  Drone x4  
  35  4:11  Drone  
  40  4:19  Pneumatized Carapace  
  40  4:26  Drone  
  40  4:27  Drone x4  
  45  4:42  Drone  
  45  4:43  Drone x6  
  52  5:02  Unknown, Hatchery  
  52  5:04  Glial Reconstitution  
  52  5:06  Roach x4  
  59  5:21  Hydralisk Den  
  58  5:22  Drone x4  
  58  5:27  Spire  
  61  5:31  Drone  
  61  5:32  Drone x4  
  66  5:37  Extractor x2  
  66  5:41  Extractor, Overlord x4  
  66  5:42  Extractor  
  62  5:53  Drone x4  
  66  5:58  Queen  
  68  6:13  Unknown  
  68  6:18  Overseer  
  68  6:19  Overseer  
  68  6:21  Zergling x2  
  68  6:22  Zergling x18  
  69  6:43  Drone  
  69  6:44  Drone x10  
  74  6:58  Zergling x2  
  74  6:59  Zergling x10  
  77  7:03  Queen  
  79  7:10  Infestation Pit  
  79  7:11  Lurker Den  
  79  7:13  Zerg Flyer Weapons Level 1  
  78  7:20  Evolution Chamber  
  77  7:23  Evolution Chamber  
  77  7:28  Roach, Evolution Chamber  
  77  7:29  Roach x9  
  95  7:31  Ravager x2  
  95  7:32  Ravager x2  
  95  7:34  Overlord x4  
  99  7:49  Zerg Melee Weapons Level 1  
  99  7:51  Zerg Ground Armor Level 1  
  99  7:54  Zerg Missile Weapons Level 1  
  99  8:03  Corruptor  
  99  8:04  Roach x3  
  107  8:06  Zergling x2  
  107  8:10  Overlord  
  108  8:16  Unknown, Hatchery  
  107  8:40  Drone x2  
  107  8:41  Drone x6  
  115  8:53  Hive  
  115  9:12  Zergling x32  
  115  9:13  Zergling x10  
  136  9:27  Unknown  
  136  9:45  Roach x3  
  142  10:00  Overlord  
  142  10:01  Overlord x5  
  139  10:48  Corruptor x17  
  139  10:49  Corruptor  
  175  10:56  Zerg Ground Armor Level 2  
  172  10:57  Zerg Missile Weapons Level 2, Zerg Melee Weapons Level 2  
  172  10:59  Muscular Augments  
  172  11:01  Greater Spire  
  170  11:31  Hydralisk x5  
  180  11:33  Hydralisk x2  
  180  11:38  Adrenal Glands  
  184  11:43  Ultralisk Cavern  
  184  11:46  Spire  
  182  11:52  Drone  
  182  11:53  Drone x6  
  189  11:54  Overlord  
  189  11:55  Overlord x2  
  189  12:14  Brood Lord x3  
  194  12:17  Lurker  
  195  12:35  Zerg Flyer Weapons Level 2  
  195  12:36  Chitinous Plating  
  195  12:46  Spore Crawler  
  195  12:48  Spore Crawler x2  
  195  12:50  Spore Crawler  
  191  12:52  Spore Crawler  
  191  12:55  Spore Crawler  
  189  13:04  Brood Lord x2  
  193  13:06  Ultralisk  
  199  13:46  Ultralisk  
  199  13:47  Zergling x2, Ultralisk x2  
  199  13:48  Zergling x18  
  178  14:23  Lurker x3  
  167  15:04  Roach x4, Zergling x2  
  167  15:05  Zergling x32  
  167  15:06  Zergling x2  
Show
View Real Time Build Order
Export as new Build Order

HAJPER Zerg - Winner!

Build Orders: Pool First 

Get SALT Encoding   

  12  0:02  Drone  
  13  0:28  Spawning Pool  
  12  0:34  Overlord  
  12  0:46  Overlord  
  12  0:48  Drone  
  13  1:16  Queen  
  13  1:18  Drone x2  
  16  1:19  Drone  
  18  1:29  Zergling x2  
  19  1:41  Zergling x2  
  20  1:54  Unknown, Hatchery  
  19  2:12  Drone  
  19  2:14  Queen, Drone  
  23  2:44  Extractor  
  22  2:45  Extractor  
  22  2:47  Overlord  
  22  2:48  Drone x3  
  22  2:49  Drone  
  25  3:06  Unknown  
  25  3:16  Overlord  
  25  3:18  Drone  
  26  3:25  Drone x2  
  28  3:31  Drone x2  
  28  3:32  Zergling x2, Drone  
  32  3:51  Queen  
  32  3:53  Lair  
  34  3:56  Drone x3  
  37  4:12  Roach Warren  
  37  4:15  Evolution Chamber  
  37  4:16  Drone  
  36  4:20  Drone x2  
  36  4:21  Drone x3  
  41  4:28  Drone x3  
  44  4:33  Overlord  
  44  4:42  Zerg Missile Weapons Level 1  
  44  4:48  Metabolic Boost  
  44  4:53  Glial Reconstitution  
  44  4:57  Roach x2  
  48  5:03  Drone x4  
  48  5:04  Extractor  
  51  5:09  Overlord x2  
  51  5:13  Overlord  
  51  5:41  Roach x3  
  51  5:42  Roach x2  
  61  5:44  Roach x3  
  61  5:45  Roach x2  
  71  6:13  Drone  
  71  6:18  Drone x4  
  76  6:19  Overlord  
  76  6:20  Overlord  
  76  6:21  Overlord  
  76  6:22  Overlord  
  76  6:29  Unknown, Hatchery  
  75  6:48  Spire  
  74  7:07  Overlord x2  
  74  7:12  Extractor  
  73  7:31  Roach x3  
  73  7:32  Roach  
  81  7:40  Unknown, Drone  
  81  7:41  Drone  
  83  7:49  Drone  
  84  8:01  Mutalisk x2  
  84  8:03  Mutalisk x4  
  96  8:16  Zerg Flyer Weapons Level 1  
  96  8:19  Mutalisk x2  
  100  8:26  Roach x3  
  106  8:27  Roach x2  
  110  8:37  Mutalisk  
  112  8:42  Drone x3  
  116  8:48  Queen, Drone x3  
  120  9:16  Drone x2  
  122  9:38  Mutalisk x2  
  122  9:39  Mutalisk x2  
  122  9:42  Overlord x2  
  130  9:52  Extractor  
  129  9:54  Extractor  
  128  10:13  Mutalisk  
  130  10:14  Mutalisk x2  
  130  10:15  Mutalisk x3  
  130  10:17  Roach x2  
  144  10:21  Zergling x2  
  144  10:22  Zergling x2, Overlord  
  144  10:23  Overlord  
  146  11:17  Mutalisk x3  
  146  11:18  Mutalisk x3  
  158  11:44  Zergling x4  
  158  11:45  Zergling x4  
  162  11:59  Overlord  
  162  12:01  Overlord  
  162  12:23  Zergling x10  
  162  12:24  Zergling x2  
  168  12:31  Overlord x3  
  168  12:32  Overlord  
  168  12:36  Mutalisk x4  
  172  12:38  Mutalisk  
  178  13:00  Ravager x3  
  178  13:01  Ravager x4  
  178  13:02  Ravager  
  115  14:15  Mutalisk x2  
  115  14:16  Mutalisk x5  
  125  14:17  Mutalisk  
Show
View Real Time Build Order
Export as new Build Order

Kebbi Zerg 

Build Orders: Pool First, Lurkers 

Get SALT Encoding   

  12  1:08  Spawning Pool  
  11  1:11  Evolution Chamber  
  11  1:12  Overlord x2  
  11  1:15  Drone  
  11  1:48  Drone x2  
  11  1:49  Drone  
  11  1:50  Unknown, Hatchery  
  13  2:00  Queen  
  15  2:04  Drone  
  16  2:19  Overlord  
  16  3:02  Unknown  
  16  3:15  Drone x2  
  18  3:46  Drone  
  18  3:47  Drone x2  
  21  3:48  Queen  
  21  3:54  Drone x6  
  29  4:01  Extractor  
  28  4:04  Extractor  
  27  4:33  Zergling x10  
  32  4:40  Drone x3  
  32  4:43  Drone  
  36  4:56  Lair  
  36  5:18  Baneling Nest  
  36  5:20  Drone x3  
  36  5:21  Drone x2  
  40  5:25  Extractor  
  40  5:28  Extractor  
  38  5:32  Metabolic Boost  
  38  5:36  Zerg Melee Weapons Level 1  
  37  6:27  Baneling x2  
  37  6:28  Baneling  
  33  7:35  Unknown, Hatchery  
  32  7:41  Drone x5  
  32  7:42  Drone x5  
  42  7:46  Drone  
  42  7:48  Overlord x5  
  43  8:01  Unknown, Hatchery  
  43  8:03  Roach Warren  
  41  8:09  Hydralisk Den, Unknown, Hatchery  
  39  8:18  Burrow, Spire  
  38  8:27  Infestation Pit  
  37  8:46  Unknown  
  37  9:07  Unknown, Hatchery  
  36  9:10  Unknown, Hatchery  
  36  9:12  Hydralisk x6, Unknown  
  36  9:13  Hydralisk x2  
  51  9:20  Unknown  
  51  9:33  Unknown, Hatchery  
  51  9:40  Unknown, Hatchery  
  50  9:52  Lurker Den  
  50  9:55  Hive  
  50  10:04  Overseer  
  49  10:22  Mutalisk x2  
  53  10:34  Mutalisk  
  53  10:35  Mutalisk  
  57  10:45  Unknown  
  57  10:52  Unknown  
  57  10:55  Spine Crawler  
  56  11:01  Spine Crawler  
  56  11:18  Zergling x6  
  56  11:19  Zergling x12  
  60  11:39  Baneling  
  60  11:40  Baneling x7  
  60  11:41  Baneling x6  
  60  11:42  Baneling x2  
  60  11:44  Baneling x2  
  60  11:53  Zergling x14  
  60  11:54  Zergling x4  
  69  11:59  Greater Spire  
  69  12:27  Centrifical Hooks  
  69  12:32  Baneling x2  
  69  12:33  Baneling x5  
  69  12:34  Baneling x6  
  69  12:35  Baneling x5  
  69  12:42  Zergling x2  
  69  12:43  Zergling x12  
  76  12:48  Overlord x4  
  76  13:01  Lurker x4  
  80  13:09  Lurker  
  81  13:17  Baneling x18  
  37  14:03  Zergling x6  
  37  14:07  Zergling x10  
  37  14:28  Baneling  
  37  14:29  Baneling x3  
  37  14:30  Baneling x4  
  29  15:04  Zergling x10  
  34  15:09  Hydralisk x3  
Show
View Real Time Build Order
Export as new Build Order

Pinki Protoss 

Build Orders: Cannon Rush 

Get SALT Encoding   

  12  0:02  Probe (Chrono Boost)  
  13  0:12  Probe (Chrono Boost)  
  14  0:20  Pylon  
  14  0:40  Forge  
  14  0:45  Pylon  
  14  0:48  Probe (Chrono Boost)  
  15  0:59  Probe (Chrono Boost)  
  16  1:15  Photon Cannon  
  16  1:18  Photon Cannon  
  16  1:22  Photon Cannon  
  16  1:30  Pylon  
  16  1:40  Photon Cannon  
  16  1:47  Pylon  
  16  2:01  Photon Cannon  
  16  2:06  Photon Cannon  
  16  2:17  Gateway  
  16  2:25  Pylon  
  16  3:03  Assimilator  
  16  3:05  Assimilator  
  16  3:09  Cybernetics Core  
  16  3:16  Gateway  
  16  3:17  Gateway  
  16  3:25  Probe (Chrono Boost)  
  17  3:35  Probe (Chrono Boost)  
  18  3:46  Probe (Chrono Boost)  
  19  3:56  Unknown, Nexus  
  19  4:19  Warp Gate  
  19  4:28  Stargate  
  19  4:38  Pylon  
  19  4:45  Adept x3  
  25  5:07  Unknown  
  25  5:13  Oracle  
  28  5:27  Probe (Chrono Boost)  
  29  5:32  Stalker x2  
  33  5:37  Probe (Chrono Boost)  
  33  5:40  Stalker  
  36  5:48  Probe (Chrono Boost)  
  37  5:58  Probe (Chrono Boost)  
  38  6:09  Probe (Chrono Boost)  
  36  6:52  Fleet Beacon  
  36  7:01  Stalker x3  
  36  7:06  Assimilator  
  42  7:10  Assimilator  
  42  7:12  Probe (Chrono Boost)  
  43  7:24  Probe (Chrono Boost)  
  44  7:37  Probe (Chrono Boost)  
  45  7:44  Unknown, Nexus  
  45  7:46  Probe (Chrono Boost)  
  45  7:50  Mothership Core (Chrono Boost)  
  48  7:57  Probe (Chrono Boost)  
  49  7:58  Pylon  
  49  8:02  Pylon  
  49  8:07  Probe (Chrono Boost)  
  50  8:18  Probe (Chrono Boost)  
  51  8:21  Stalker x3  
  57  8:28  Probe (Chrono Boost)  
  58  8:37  Photon Cannon  
  58  8:39  Photon Cannon  
  58  8:42  Photon Cannon  
  58  8:45  Photon Cannon  
  58  8:48  Pylon  
  58  8:55  Pylon  
  58  8:56  Unknown  
  58  8:58  Pylon  
  58  8:59  Carrier  
  58  9:15  Protoss Shields Level 1  
  64  9:24  Photon Cannon  
  64  9:29  Photon Cannon  
  64  10:06  Robotics Facility  
  64  10:12  Assimilator  
  64  10:16  Assimilator  
  64  11:00  Stalker x3  
  64  11:13  Pylon  
  64  11:37  Stalker  
  64  11:38  Stalker x2  
  64  11:39  Void Ray  
  74  11:52  Anion Pulse-Crystals  
  74  11:56  Probe (Chrono Boost)  
  75  12:06  Probe (Chrono Boost)  
  76  12:17  Void Ray  
  76  12:29  Twilight Council  
  80  12:41  Stalker x3  
  86  12:44  Protoss Ground Armor Level 1  
  86  12:56  Graviton Catapult  
  86  13:09  Stalker x3  
  46  13:57  Stalker  
  46  13:58  Stalker x2  
  30  14:31  Stalker x2  
  30  14:32  Stalker  
Tags
 
Add a new tag
Caveats
  • Supply blocks, unpowered buildings, or Contaminate may cause inaccurate times.
  • Supply counts are checked every 10 seconds.